 Dungeon Crawl Stone Soup version 0.25-a0-87-ga3d287bc14 (webtiles) character file.

Game seed: 1022772954983238948, levelgen mode: deterministic

6229 MrRokkomies the Grappler (level 10, -2/93 HPs)
             Began as a Ghoul Monk on Nov 10, 2019.
             Was a Priest of Yredelemnul.
             Slain by a yak (5 damage)
             ... on level 8 of the Dungeon.
             The game lasted 00:20:38 (8310 turns).

MrRokkomies the Grappler (Ghoul Monk)               Turns: 8310, Time: 00:20:39

Health: -2/93      AC: 11    Str: 19    XL:     10   Next: 92%
Magic:  11/12      EV:  6    Int:  5    God:    Yredelemnul [***...]
Gold:   295        SH:  0    Dex: 11    Spells: 9/9 levels left

rFire    . . .     SeeInvis .     - Unarmed
rCold    + . .     Gourm    .   (no shield)
rNeg     + + +     Faith    .   C - +0 plate armour
rPois    ∞         Spirit   .   (no helmet)
rElec    .         Reflect  .   (no cloak)
rCorr    .         Harm     .   (no gloves)
MR       .....                  (no boots)
Stlth    ..........             (no amulet)
HPRegen  0.00/turn              (no ring)
MPRegen  0.13/turn              i - +1 ring of protection

@: about to teleport, rotting
A: rotting body, claws 1, carnivore, cold resistance 1, negative energy
resistance 3, inhibited regeneration, torment resistance, unbreathing
a: Recall Undead Slaves, Injury Mirror, Animate Dead, Renounce Religion


You were on level 8 of the Dungeon.
You worshipped Yredelemnul.
Yredelemnul was most pleased with you.
You were not hungry.

You visited 3 branches of the dungeon, and saw 11 of its levels.

You collected 490 gold pieces.
You spent 195 gold pieces at shops.

Inventory:

Hand Weapons
 b - a +3 hand crossbow of flaming
Missiles
 a - a throwing net
 f - 193 stones (quivered)
 g - 38 poisoned darts
 j - 85 bolts
Armour
 C - a +0 plate armour (worn)
Jewellery
 i - a +1 ring of protection (right claw)
Wands
 x - a wand of enslavement (17)
 z - a wand of random effects (22)
Scrolls
 d - a scroll of immolation {unknown}
 k - 9 scrolls of teleportation
 n - a scroll of enchant armour
 o - 3 scrolls of amnesia
 p - 5 scrolls of identify
 q - 5 scrolls of remove curse
 s - 2 scrolls of magic mapping
 t - 2 scrolls of blinking
 y - a scroll of random uselessness {unknown}
Potions
 c - 3 potions of brilliance
 e - 2 potions of flight
 h - 2 potions of lignification {unknown}
 l - 2 potions of cancellation {unknown}
 m - 3 potions of degeneration {unknown}
 u - 2 potions of agility {unknown}
 A - 3 potions of ambrosia {unknown}
Comestibles
 v - 21 rations


   Skills:
 - Level 10.0 Fighting
 * Level 6.6 Crossbows
 - Level 2.6 Dodging
 - Level 2.1 Stealth
 * Level 11.9 Unarmed Combat
 + Level 4.7 Invocations


You had 9 spell levels left.
You didn't know any spells.
Your spell library contained the following spells:

 Spells                   Type           Power        Failure   Level  Hunger
 Confusing Touch          Hex            #.....       100%        1    ##.....
 Infusion                 Chrm           #...         100%        1    ##.....
 Shroud of Golubria       Chrm/Tloc      #.....       100%        2    ###....
 Song of Slaying          Chrm           #.......     100%        2    ###....
 Confuse                  Hex            #.......     100%        3    ####...
 Gell's Gravitas          Tloc           #.........   100%        3    ####...
 Regeneration             Chrm/Necr      #.........   100%        3    ####...
 Spectral Weapon          Hex/Chrm       #.......     100%        3    ####...
 Petrify                  Tmut/Erth      #.......     100%        4    #####..
 Metabolic Englaciation   Hex/Ice        #.........   100%        5    ######.
 Yara's Violent Unravell  Hex/Tmut       #.........   100%        5    ######.


Dungeon Overview and Level Annotations

Branches:
Dungeon (9/15)             Temple (1/1) D:7            Lair (1/6) D:8
    Orc: D:9-12

Altars:
Ashenzari
Cheibriados
Dithmenos
Elyvilon
Fedhas
Gozag
Hepliaklqana
Kikubaaqudgha
Makhleb
Nemelex Xobeh
Okawaru
Qazlal
Ru
Sif Muna
Trog
Uskayaw
Vehumet
Wu Jian
Xom
Yredelemnul
Zin
The Shining One

Shops:
D:5 (%%}[   D:8 }


Innate Abilities, Weirdness & Mutations

Your body is rotting away.
You thrive on raw meat.
You are immune to poison.
You have sharp fingernails.
You are carnivorous and can eat meat at any time.
Your flesh is cold resistant. (rC+)
You are immune to negative energy. (rN+++)
You do not regenerate when monsters are visible.
You are immune to unholy pain and torment.
You can survive without breathing.


Message History

Your wight hits the yak but does no damage.
The eight-headed hydra bites you but does no damage.
The eight-headed hydra barely misses you.
The eight-headed hydra bites you.
* * * LOW HITPOINT WARNING * * *
The eight-headed hydra closely misses you.
The eight-headed hydra bites you but does no damage.
The eight-headed hydra bites you.
* * * LOW HITPOINT WARNING * * *
The eight-headed hydra bites you.
* * * LOW HITPOINT WARNING * * *
The eight-headed hydra bites you!
* * * LOW HITPOINT WARNING * * *
Evoke which item? (* to show all) (? for menu, Esc to quit)
Okay, then.
Unknown command.
Unknown command.
The yak gores you.
You die...
Yredelemnul claims you as an undead slave.

#.# #.###########.# #.#
#........>..#.##########
#.####......................#
#........≈≈..≈..≈......≈....#
#####.....≈..≈≈≈.≈≈..≈≈≈....###
#.....≈≈≈≈≈≈≈≈≈≈≈≈≈≈≈......
#......≈≈≈≈..≈≈≈≈≈≈≈≈≈....#
#.....≈≈≈..≈...≈≈≈≈........
#..≈≈≈.≈≈≈@....≈≈≈≈≈≈...###
#....≈≈≈≈.Y>D.......)...#
#..≈≈≈≈≈≈≈.z..≈.≈≈≈≈≈≈..#
#...[≈≈≈≈.≈..≈.≈≈≈≈≈≈≈..###
##....≈≈≈≈≈≈≈≈≈≈.≈≈≈≈......
#...≈≈≈≈≈≈≈≈≈≈≈≈.≈≈....###
#......≈≈≈≈≈≈≈≈≈..≈....###
#....≈.≈≈≈≈≈≈≈............
#.....≈≈≈≈≈≈≈..........##.


You could see an eight-headed hydra, a yak and a friendly wight.

Vanquished Creatures
  A black mamba (D:8)
  A komodo dragon (Lair:1)
  A troll (D:8)
  5 hippogriffs
  Sigmund (D:2)
  Edmund (D:6)
  2 orc warriors
  An ice beast (D:6)
  A black bear (Lair:1)
  4 ogres
  2 phantoms
  2 wolves (D:8)
  5 centaurs
  4 bullfrogs
  A gnoll sergeant (D:7)
  A water moccasin skeleton (D:8)
  5 scorpions
  3 killer bees (D:8)
  5 wights
  A howler monkey (D:6)
  3 vampire bats (D:3)
  3 electric eels (D:8)
  5 crimson imps
  A quasit (D:9)
  3 bullfrog skeletons
  3 orc priests
  13 hounds
  4 jellies
  3 iguanas
  3 orc wizards
  5 worker ants
  2 hound skeletons
  12 gnolls
  10 adders
  3 howler monkey skeletons
  4 shadow imps
  7 oozes
  2 adder zombies
  6 worms
  2 adder skeletons
  6 dart slugs
  4 leopard geckos
  19 orcs
  A ball python (D:1)
  4 bat skeletons (D:3)
  3 bat zombies (D:3)
  6 giant cockroaches
  9 goblins
  8 hobgoblins
  7 jackals
  13 kobolds
  3 quokkas
  6 bats
  4 frilled lizards
  2 jackal skeletons
  7 rats
243 creatures vanquished.

Vanquished Creatures (collateral kills)
  An electric eel (D:8)
1 creature vanquished.

Vanquished Creatures (others)
  A wolf zombie (D:8)
  4 hound zombies (D:8)
5 creatures vanquished.

Grand Total: 249 creatures vanquished

Notes
Turn   | Place    | Note
-------+----------+-------------------------------------------
     0 | D:1      | MrRokkomies the Ghoul Monk began the quest for the Orb.
     0 | D:1      | Reached XP level 1. HP: 19/19 MP: 0/0
   118 | D:1      | Reached XP level 2. HP: 24/25 MP: 1/1
   589 | D:1      | Reached XP level 3. HP: 31/33 MP: 2/2
   602 | D:1      | Reached skill level 4 in Unarmed Combat
  1022 | D:2      | Noticed Sigmund
  1037 | D:2      | Killed Sigmund
  1037 | D:2      | Reached skill level 5 in Fighting
  1037 | D:2      | Reached skill level 5 in Unarmed Combat
  1037 | D:2      | Reached XP level 4. HP: 18/42 MP: 3/3
  1037 | D:2      | Reached XP level 5. HP: 21/48 MP: 4/4
  1309 | D:2      | Reached XP level 6. HP: 56/56 MP: 5/5
  1727 | D:3      | Reached skill level 6 in Unarmed Combat
  1803 | D:3      | Found a bloodstained altar of Trog.
  2032 | D:3      | Noticed a hippogriff
  2053 | D:3      | Killed a hippogriff
  2053 | D:3      | Reached XP level 7. HP: 40/64 MP: 6/6
  2347 | D:3      | Found an ancient bone altar of Kikubaaqudgha.
  2362 | D:3      | Reached skill level 7 in Unarmed Combat
  2528 | D:4      | Reached XP level 8. HP: 49/73 MP: 7/7
  2847 | D:5      | Entered Level 5 of the Dungeon
  2896 | D:5      | Found Abiumude's Food Shop.
  2902 | D:5      | Found Xeps's Food Emporium.
  2907 | D:5      | Reached skill level 8 in Unarmed Combat
  2920 | D:5      | Found a blossoming altar of Fedhas.
  3075 | D:5      | Found Voruatio's Antique Weapon Boutique.
  3083 | D:5      | Bought a runed hand crossbow for 195 gold pieces
  3214 | D:5      | Found Ruwoleu's Gadget Boutique.
  3297 | D:5      | Found Yphys's Antique Armour Emporium.
  3314 | D:5      | Reached skill level 1 in Crossbows
  3357 | D:5      | Found a white marble altar of Elyvilon.
  3498 | D:5      | Found a shattered altar of Ashenzari.
  3711 | D:5      | Reached skill level 9 in Unarmed Combat
  3848 | D:5      | Reached XP level 9. HP: 66/83 MP: 8/8
  4095 | D:6      | Found a snail-covered altar of Cheibriados.
  4312 | D:6      | Noticed Edmund
  4329 | D:6      | Killed Edmund
  4554 | D:7      | Found a staircase to the Ecumenical Temple.
  4581 | Temple   | Entered the Ecumenical Temple
  4781 | Temple   | Became a worshipper of Yredelemnul the Dark
  4781 | Temple   | Reached * piety under Yredelemnul
  4781 | Temple   | Reached ** piety under Yredelemnul
  4994 | D:7      | Reached skill level 10 in Unarmed Combat
  5009 | D:7      | Reached skill level 10 in Fighting
  5017 | D:7      | Reached skill level 1 in Invocations
  5408 | D:7      | Found an iron altar of Okawaru.
  5810 | D:8      | Found Wehisch's Gadget Emporium.
  5822 | D:8      | Reached XP level 10. HP: 68/93 MP: 10/10
  5938 | D:8      | Reached *** piety under Yredelemnul
  5961 | D:8      | Reached skill level 5 in Crossbows
  5971 | D:8      | HP: 2/93 [electric eel/bolt of electricity (7)]
  6347 | D:8      | Reached skill level 11 in Unarmed Combat
  6363 | D:8      | Found a staircase to the Lair.
  6399 | Lair:1   | Entered Level 1 of the Lair of Beasts
  6937 | D:8      | Found a shimmering altar of Xom.
  6965 | D:8      | Found an ornate altar of the Wu Jian Council.
  7020 | D:8      | Found a glowing golden altar of the Shining One.
  7149 | Lair:1   | Noticed an eight-headed hydra
  7168 | Lair:1   | Noticed a black mamba
  7188 | D:8      | Killed a black mamba
  7610 | D:9      | Found a snail-covered altar of Cheibriados.
  7960 | D:9      | Received a gift from Yredelemnul (a wight)
  8309 | D:8      | HP: 3/93 [eight-headed hydra (10)]
  8310 | D:8      | Slain by a yak

Levels and vault maps discovered:
D:1:      lemuel_arrival_behind_the_door_small, layout_basic
D:2:      layout_loops_ring, uniq_sigmund
D:3:      layout_rooms, nicolae_overflow_crystal_walls,
          kennysheep_vampire_church, minmay_divided_ellipse
D:4:      layout_rooms, first_ration
D:5:      layout_cave_pools, lemuel_coloured_pillars_altar, kennysheep_mini,
          nicolae_overflow_hidden_temple, serial_shops, shop_fountains,
          nicolae_shop_temple_entry_statues_fountains, shop, shop_statue, shop,
          grunt_decor_one_mirror
D:6:      layout_cave_pools, corexii_hall_statues_u, grunt_decor_fettered,
          nrook_mini_vaults, kennysheep_slug_shrine, uniq_edmund
D:7:      layout_basic, okawaru_metal_pillars_1_2, temple_green,
          kennysheep_generic_room_8
D:8:      layout_loops_ring, kennysheep_mini_moat, lemuel_doored_altar,
          erik_lair_island, serial_shops, shop_fountains, tso_altar
D:9:      layout_irregular_city, overflow_temple_1_default,
          hangedman_little_slice_of_home
Temple:   nicolae_temple_figure_eight
Lair:1:   layout_regular_city, st_stairs_8

Skill      XL: |  1  2  3  4  5  6  7  8  9 10 |
---------------+-------------------------------+-----
Fighting       | 5 6 7 9 10 | 10.0
Unarmed Combat | 5 6 7 9 10 11 | 11.9
Crossbows      | 1 4 6 |  6.6
Invocations    | 2 4 |  4.7
Dodging        | |  2.6
Stealth        | |  2.1

Action                   |  1- 3 |  4- 6 |  7- 9 | 10-12 || total
-------------------------+-------+-------+-------+-------++-------
Melee: Unarmed           |   109 |   169 |   447 |   159 ||   884
       Punch             |       |     2 |     6 |     7 ||    15
 Fire: Hand crossbow     |       |       |     1 |    24 ||    25
Invok: Animate Dead      |       |       |       |     7 ||     7
       Recall Undead Sla |       |       |       |     1 ||     1
  Use: Scroll            |     2 |     7 |     3 |     4 ||    16
       Potion            |       |       |     1 |     2 ||     3
  Eat: Chunk             |     2 |    14 |    38 |    18 ||    72
Armor: Chain mail        |    79 |   145 |   213 |       ||   437
       Plate armour      |       |       |    74 |   110 ||   184
Dodge: Dodged            |    32 |    88 |   183 |    60 ||   363

Table legend:
 A = Non-vault XP
 B = Vault XP
 C = Vault XP percentage of total XP
 D = Non-vault monster count
 E = Vault monster count
 F = Vault count percentage of total count
                 A         B        C        D         E       F
            +---------+---------+-------+---------+---------+-------
      Total |    7045 |    1854 |  20.8 |     200 |      44 |  18.0
            +---------+---------+-------+---------+---------+-------
        D:1 |      48 |       0 |   0.0 |      26 |       0 |   0.0
        D:2 |      63 |     220 |  77.7 |      22 |       1 |   4.3
        D:3 |     205 |     488 |  70.4 |      23 |      23 |  50.0
        D:4 |     256 |       0 |   0.0 |       7 |       0 |   0.0
        D:5 |     992 |       0 |   0.0 |      28 |       0 |   0.0
        D:6 |     655 |     158 |  19.4 |      16 |       2 |  11.1
        D:7 |     861 |      50 |   5.5 |      21 |       1 |   4.5
        D:8 |    2064 |     779 |  27.4 |      31 |       9 |  22.5
        D:9 |    1246 |     159 |  11.3 |      22 |       8 |  26.7
     Lair:1 |     655 |       0 |   0.0 |       4 |       0 |   0.0
            +---------+---------+-------+---------+---------+-------
